cohdb
Replays
Latest Replays
All Replays
Popular Replays
Top Player Replays
Match Explorer
How It Works
Community
CoH3 Stats
Reddit
Sign in to upload your games and track your stats! →
Sign in with Steam
Indian Artillery vs Luvnest DAK
Match 13599381
Overview
Messages
Build Orders
End
Royal Engineer Section
Construct Section Command Post
Infantry Section
Infantry Section
Infantry Training
Selects Indian Artillery Battlegroup
Selects Valour
Vickers Machine Gun Team
Selects Gurkha Rifles Section
Gurkha Rifles Section
Construct Platoon Command Post
Construct Field Infirmary
6-pounder Anti-tank Gun Team
6-pounder Anti-tank Gun Team
Selects Volunteer Infantry
Selects Artillery Saturation
Gurkha Rifles Section
Selects Off-map Airburst Barrage
Construct Company Command Post
Off-map Airburst Barrage
Selects Perimeter Monitor
Matilda II Heavy Tank
Matilda II Heavy Tank
Off-map Airburst Barrage
Armored Vehicle Training
Royal Engineer Section
Wolfe
Luvnest
0
0
Comments
sign in to comment!
No comments posted yet!